Cogmind - Beta 17 @@@ ROGUE MODE // 2026.08.23 @ 11:35:49 Player: Clog Result: Destroyed by Y-45 Defender with Heavy Assault Rifle Performance ------------- Evolutions (0) 0 Regions Visited (2) 400 Robots Destroyed (24) 120 Value Destroyed (663) 663 Prototype IDs (0) 0 Alien Tech Used (0) 0 Bonus (0) 0 TOTAL SCORE: 1183 Bonus ------- None Cogmind --------- Core Integrity 0/250 Matter 267/300 Energy 125/125 System Corruption 3% Temperature Cool (9) Movement Rolling (130) Ox2 Location -10/Subcaves Parts ------- > --- POWER (1) -------- Light Ion Engine > --- PROPULSION (2) --- Subdweller Monowheel > --- UTILITY (2) ------ High-capacity Storage Unit > --- WEAPON (2) ------- Particle Gun Subdweller Machine Gun > --- INVENTORY (20) --- Improved Heat Sink Shield Generator Light Assault Rifle Subdweller Shrapnel Launcher Datajack Hammer Peak State ------------ > --- POWER ------------ Light Nuclear Core > --- PROPULSION ------- Light Treads > --- UTILITY ---------- Large Storage Unit Seismic Detector > --- WEAPON ----------- EM Shotgun EM Shotgun > --- INVENTORY -------- Ion Engine Improved Heat Sink Medium Armor Plating Medium Armor Plating Shield Generator EM Shotgun EM Shotgun Particle Gun Light Assault Rifle Datajack [Rating: 11] Favorites ----------- Power Ion Engine Engine Ion Engine Power Core Light Nuclear Core Propulsion Light Treads Treads Light Treads Wheel Wheel Utility Seismic Detector Device Seismic Detector Storage High-capacity Storage Unit Protection Medium Armor Plating Weapon EM Shotgun Energy Gun EM Shotgun Ballistic Gun Light Assault Rifle Impact Weapon Hammer Build | -11 -10 -10 ------- Run | Yrd Mat Sub Slots Evolved . | . . . Power . | . . . Propulsion . | . . . Utility . | . . . Weapon . | . . . Parts Attached 25 | 7 11 7 Power 4 | 1 2 1 Engine 3 | 1 1 1 Core 1 | . 1 . Reactor . | . . . Propulsion 5 | 2 2 1 Treads 2 | 2 . . Leg . | . . . Wheel 3 | . 2 1 Hover . | . . . Flight . | . . . Utility 6 | 2 3 1 Device 1 | 1 . . Storage 3 | 1 2 . Processor . | . . . Hackware . | . . . Protection 2 | . 1 1 Artifact . | . . . Weapon 10 | 2 4 4 Energy Gun 5 | . 3 2 Energy Cannon . | . . . Ballistic Gun 4 | 2 1 1 Ballistic Cannon . | . . . Launcher . | . . . Special Weapon . | . . . Impact Weapon 1 | . . 1 Slashing Weapon . | . . . Piercing Weapon . | . . . Special Melee Weapon . | . . . Unidentified Prototypes . | . . . Parts Lost 14 | . 7 7 Power 3 | . 2 1 Propulsion 4 | . 2 2 Utility 2 | . . 2 Weapon 5 | . 3 2 Highest Loss Streak 6 | . 3 6 To Critical Strikes . | . . . Average Backups 8 | 1 9 8 Power 1 | 1 1 . Propulsion . | . . . Utility 2 | . 3 2 Weapon 3 | . 4 3 Tool/Special . | . . . Unused Backups 5 | . 1 4 Power . | . . . Propulsion 1 | . 1 . Utility 2 | . . 2 Weapon 1 | . . 1 Tool/Special 1 | . . 1 Average Slot Usage (%) 90 | . 88 94 Engine 9 | . 6 14 Core 3 | . 5 . Treads 11 | . 18 . Wheel 10 | . 2 25 Device 8 | . 14 . Storage 14 | . 14 14 Protection 4 | . . 11 Energy Gun 15 | . 13 20 Ballistic Gun 9 | . 13 4 Impact Weapon 1 | . . 2 Peak Build Rating 11 | 7 11 11 Average Rating 9 | 5 9 10 On Entrance 5 | . 7 10 Avg Prop Armor Cover (%) . | . . . Naked Turns . | . . . Heaviest Build 58 | 14 56 58 Greatest Support 40 | 40 40 20 Greatest Overweight (x) 17 | . 17 5 Average Overweight (x) 1 | . 1 2 Largest Inventory Capacity 20 | 8 20 20 Average Capacity 17 | 7 16 20 Most Carried 14 | 5 14 10 Average Carried 8 | 2 9 8 Final Capacity 20 | 8 20 20 Final Carried 8 | 2 8 6 Class Distribution -------------------- 100% | Mutant Dominant Class ---------------- Mutant | -10/Materials Mutant | -10/Subcaves Resources | -11 -10 -10 ----------- Run | Yrd Mat Sub Matter Collected 686 | 219 340 127 Remotely . | . . . Salvage Created 986 | 15 746 225 Parts 56 | 2 42 12 Haulers Intercepted 1 | . 1 . Recyclers Shooed . | . . . Parts Field Recycled . | . . . Retrieved Matter . | . . . Parts Self-Destructed . | . . . Prevented . | . . . Parts Restored . | . . . Kills | -11 -10 -10 ------- Run | Yrd Mat Sub Combat Hostiles Destroyed 16 | . 11 5 Melee 1 | . . 1 Guns 15 | . 11 4 Classes Destroyed 8 | 1 6 1 Worker 3 | . 3 . Tunneler 1 | 1 . . Hauler 1 | . 1 . Recycler 1 | . 1 . Operator 1 | . 1 . Watcher 1 | . 1 . Grunt 11 | . 11 . Subdweller 5 | . . 5 Best Kill Streak 3 | 1 3 2 Combat Bots Only 2 | . 2 2 Max Kills in Single Turn 3 | 1 3 1 Gunslinging . | . . . Exploded . | . . . Melee 1 | . . 1 Uniques/NPCs Destroyed . | . . . Combat | -11 -10 -10 -------- Run | Yrd Mat Sub Hostile Shots Fired 126 | . 86 40 Missed 31 | . 23 8 Hits 95 | . 63 32 Projectile 95 | . 63 32 Critical Strikes 3 | . 2 1 Damage Taken 1481 | . 807 674 Core 262 | . 162 100 Absorbed by Shields . | . . . Core Remaining (%) 100 | 100 . . Volleys Fired 83 | 4 64 15 Largest 2 | 2 2 2 Hottest 110 | 40 110 95 Shots Fired 151 | 8 119 24 Gun 151 | 8 119 24 Cannon . | . . . Launcher . | . . . Special . | . . . Kinetic 101 | 8 91 2 Thermal 10 | . 7 3 Explosive . | . . . Electromagnetic 40 | . 21 19 Robot Hit Streak 18 | 3 18 13 Robot Miss Streak 5 | 2 5 1 Penetration Max . | . . . Secondary Targets 2 | . 1 1 Max Gunslinging Chain 1 | . 1 1 Shots Hit Robots 119 | 6 86 27 Core Hits 56 | 2 39 15 Critical Kills 1 | . . 1 Critical Parts Destroyed . | . . . Critical Strikes 1 | . . 1 Smash 1 | . . 1 Melee Attacks 20 | . . 20 Impact 20 | . . 20 Slashing . | . . . Piercing . | . . . Sneak Attacks . | . . . Combat Hostiles . | . . . Follow-up Attacks . | . . . Damage Inflicted 1589 | 65 1170 354 Guns 1315 | 65 994 256 Cannons . | . . . Explosions 168 | . 168 . Melee 98 | . . 98 Ramming 8 | . 8 . Kinetic 734 | 65 669 . Thermal 262 | . 216 46 Explosive . | . . . Electromagnetic 487 | . 277 210 Impact 98 | . . 98 Slashing . | . . . Piercing . | . . . Highest Corruption 3 | . 3 3 Average Corruption 2 | . 2 3 Corruption Purged . | . . . Corruption Blocked . | . . . Effects 19 | . 10 9 Message Errors 4 | . . 4 Matter Fused 4 | . 2 2 Heat Flow Errors 2 | . 2 . Energy Discharges 2 | . . 2 Parts Rejected 1 | . 1 . Data Loss (minor) 3 | . 2 1 Data Loss (major) 2 | . 2 . Alerts 1 | . 1 . Overload Shots . | . . . Overflow Damage 14 | . 14 . Projectiles . | . . . Explosions 14 | . 14 . Melee . | . . . Knockbacks 1 | . . 1 Impact 1 | . . 1 Kinetic . | . . . Secondary . | . . . Self-Inflicted Damage 32 | . 32 . Shots 1 | . 1 . Rammed 4 | 1 3 . Targets Rammed 4 | 1 3 . Kicked . | . . . Crushed . | . . . Highest Temperature 199 | . 199 . Average Temperature 47 | . 47 . Received Heat Transfer 558 | . 468 90 Siege Activations . | . . . Martial Activations . | . . . Shielding Activations . | . . . Robots Disrupted . | . . . Combat Hostiles . | . . . Robots Corrupted . | . . . Combat Hostiles . | . . . Parts Fried 2 | . 1 1 Impact Corruptions . | . . . Robots Melted . | . . . Combat Hostiles . | . . . Parts Melted . | . . . Heat Transferred 472 | . 361 111 Parts Sabotaged . | . . . Parts Stolen . | . . . Parts Stripped . | . . . Power Chain Reactions 2 | . 2 . Alert | -11 -10 -10 ------- Run | Yrd Mat Sub Maximum Alert Level . | . . . Low Security (%) 100 | 100 100 . Level 1 . | . . . Level 2 . | . . . Level 3 . | . . . Level 4 . | . . . Level 5 . | . . . High Security . | . . . Max Security . | . . . Peak Influence 81 | 5 81 . Initial . | . . . Average 21 | . 23 . Influence Increases 355 | 5 350 . Destroy 0b10 Robot/C 220 | . 220 . Destroy 0b10 Robot/NC 40 | 5 35 . Destroy Leader 74 | . 74 . Successful Hack 12 | . 12 . Destroy Structure 9 | . 9 . Influence Decreases 355 | 5 350 . Time Decay 295 | 5 290 . Lost Part 60 | . 60 . Squads Dispatched 4 | . 4 . Investigation 2 | . 2 . Extermination . | . . . Reinforcement 2 | . 2 . Assault . | . . . Garrison . | . . . Intercept . | . . . Searches Triggered . | . . . Construction Impeded . | . . . Haulers Reinforced . | . . . Active Scanning Responses . | . . . Cargo Convoy Interrupts . | . . . Stealth | -11 -10 -10 --------- Run | Yrd Mat Sub Distress Signals 1 | . 1 . Communications Jammed . | . . . Distress Signals . | . . . Times Spotted 25 | . 19 6 Peak Tracking Total 3 | . 3 2 Tactical Retreats . | . . . Traps | -11 -10 -10 ------- Run | Yrd Mat Sub Traps Triggered 4 | . 4 . Indirectly . | . . . Trap Hack Attempts . | . . . Triggered . | . . . Disarmed . | . . . Reprogrammed . | . . . Reused . | . . . Traps Extracted . | . . . Installed . | . . . Triggered . | . . . Machines | -11 -10 -10 ---------- Run | Yrd Mat Sub Machines Disabled . | . . . Max in Single Turn . | . . . Machines Repaired . | . . . Machines Dismantled . | . . . Machines Sabotaged . | . . . Overloaded Fab Kills . | . . . Hacking | -11 -10 -10 --------- Run | Yrd Mat Sub Machines Accessed 6 | . 6 . Terminals 6 | . 6 . Fabricators . | . . . Repair Stations . | . . . Recycling Units . | . . . Scanalyzers . | . . . Garrison Access . | . . . Total Hacks 12 | . 12 . Successful 7 | . 7 . Failed 5 | . 5 . Catastrophic . | . . . Database Lockouts . | . . . Manual 12 | . 12 . Terminals 12 | . 12 . Fabricators . | . . . Repair Stations . | . . . Recycling Units . | . . . Scanalyzers . | . . . Garrison Access . | . . . Terminal Hacks 1 | . 1 . Recall Investigation 1 | . 1 . Fabricator Hacks . | . . . Repair Station Hacks . | . . . Recycling Unit Hacks . | . . . Scanalyzer . | . . . Garrison Access Hacks . | . . . Unauthorized Hacks 6 | . 6 . Terminals 6 | . 6 . Operators 1 | . 1 . Skim 5 | . 5 . Fabricators . | . . . Repair Stations . | . . . Recycling Units . | . . . Scanalyzers . | . . . Garrison Access . | . . . Data Cores Recovered . | . . . Used . | . . . Hacking Detections 4 | . 4 . Full Trace Events . | . . . Feedback Events . | . . . Feedback Blocked . | . . . Robot Schematics Acquired . | . . . Robots Built . | . . . Authchips . | . . . Time . | . . . Total Robot Build Rating . | . . . Part Schematics Acquired . | . . . Parts Built . | . . . Authchips . | . . . Time . | . . . Total Part Build Rating . | . . . Part Studies Acquired . | . . . Parts Repaired . | . . . Time . | . . . Parts Recycled . | . . . Recycled Matter . | . . . Retrieved Matter . | . . . Retrieved Components . | . . . Parts Scanalyzed . | . . . Part Schematics Acquired . | . . . Parts Damaged . | . . . Bothacking | -11 -10 -10 ------------ Run | Yrd Mat Sub Used RIF Installer . | . . . Robots Hacked . | . . . Non-combat . | . . . Combat . | . . . Robot Hacks Applied . | . . . Relay Couplers Released . | . . . Fabnet Peak Effective % . | . . . Robots Rewired . | . . . Allies Hacked . | . . . Hacks Repelled . | . . . Allies | -11 -10 -10 -------- Run | Yrd Mat Sub Total Allies . | . . . Largest Group . | . . . Highest-Rated Group . | . . . Highest-Rated Ally . | . . . Total Orders . | . . . Ally Attacks . | . . . Total Damage . | . . . Kills . | . . . Allies Corrupted . | . . . Allies Melted . | . . . Intel | -11 -10 -10 ------- Run | Yrd Mat Sub Active Infowar (turns) 1195 | 17 1178 . Seismic 1195 | 17 1178 . Robot Analysis Total . | . . . Derelict Logs Recovered 1 | . . 1 Drone Launches . | . . . Drone Recoveries . | . . . Exploration | -11 -10 -10 ------------- Run | Yrd Mat Sub Turns Passed 1967 | 111 1180 676 Spaces Moved 1022 | 65 462 495 Core 23 | 18 5 . Treads 422 | 47 375 . Legs . | . . . Wheels 577 | . 82 495 Hover . | . . . Flight . | . . . Fastest Speed 50 | 50 110 110 Average Speed 153 | 129 201 112 Slowest Speed 900 | 160 900 155 Overloaded Moves . | . . . Propulsion Burnouts . | . . . Robots Hopped . | . . . Potential Cave-ins . | . . . Cave-ins Triggered . | . . . Exploration Rate (%) 40 | 4 84 32 Regions Visited 2 Branch Regions 1 Pre-discovered Areas . | . . . Known Exits Taken . | . . . Unknown Exits Taken 2 | 1 1 . Scrap Searched . | . . . Spaces Dug . | . . . Terrain Destroyed 6 | . 6 . Melee . | . . . Projectile . | . . . AOE 6 | . 6 . Terrain Rammed . | . . . Walls Destroyed . | . . . Machines Disabled . | . . . Actions | -11 -10 -10 --------- Run | Yrd Mat Sub Total 1233 | 83 601 549 Wait 38 | . 37 1 Move 1020 | 64 461 495 Hop . | . . . Pick Up 29 | 7 19 3 Fast Attach 2 | 2 . . Attach 18 | 5 8 5 Detach . | . . . Swap 14 | . 4 10 Drop 5 | . 5 . Fire 83 | 4 64 15 Melee 20 | . . 20 Ram . | . . . Kick . | . . . Crush 4 | 1 3 . Escape Stasis . | . . . Rewire . | . . . Trap . | . . . Miscellaneous . | . . . Route ------- -11/Scrapyard -10/Materials (discovered 5 exits: [*Mat x2] / [*Min x2] / [*Sub]) -10/Subcaves History --------- Turn | Location | Event 12 | -11/Scrapyard | Discovered new exit (range 16) 112 | -11/Scrapyard | Entered Materials 276 | -10/Materials | Discovered new exit (range 4) 315 | -10/Materials | Build established: Mutant 650 | -10/Materials | Discovered new exit (range 4) 669 | -10/Materials | Lost 3 parts (1p1n1w) 743 | -10/Materials | Core integrity fell below 50% 920 | -10/Materials | Discovered new exit (range 16) 1114 | -10/Materials | Discovered new exit (range 16) 1201 | -10/Materials | Lost 3 parts (1p1n1w) 1284 | -10/Materials | Discovered new exit (range 5) 1292 | -10/Materials | Entered Subcaves 1371 | -10/Subcaves | Learned Materials garrison access intel 1424 | -10/Subcaves | Core integrity fell below 20% 1797 | -10/Subcaves | A swath of the cavern ceiling suddenly collapsed 1895 | -10/Subcaves | Lost 6 parts (1p2n1u2w) 1968 | -10/Subcaves | Destroyed by Y-45 Defender with Heavy Assault Rifle Last Messages --------------- A swath of the cavern ceiling suddenly collapses. 01827_ EM Shotgun destroyed. 01847_ TZ-QFB(R) destroyed. 01854_ EM Shotgun destroyed. 01856_ Wheel destroyed. 01859_ I5-2GE(R) affixes Scrap Shield Fragment to Scrap Shield. 01859_ Acquired 26 matter. 01860_ Med. Armor Plating destroyed. 01861_ I5-2GE(R) knocked back. 01862_ Ion Engine destroyed. 01864_ Acquired 10 matter. 01864_ Wheel destroyed. 01865_ I5-2GE(R) destroyed. 01867_ Identified Sub. Monowheel. 01868_ Acquired 10 matter. 01870_ Acquired 1 matter. 01886_ |YR&RF>NKV5STOGGH9N#Q 01949_ System corrupted: Energy discharge (-26). Map ----- +----------------------------------------------------+ | ?????????????????????????????????????????????????? | | ?????????????????????????????????????????????????? | | ?????????????????????????????????????????????????? | | ?????????????????????????????????????????????????? | | ?????????????????????????????????????????????????? | | ?????????????????????????????????????????????????? | | ?????????????????????????????????????????????????? | | ?????????????????????????????????????????????????? | | ?????????????????????????????????????????????????? | | ?????????????????????????????????????????????????? | | ?????????????????????????????????????????????????? | | ?????????????????????????????????????????????????? | | ?????????????????????????????????????????????????? | | ?????????????????????????????????????????????????? | | ?????????????????????????????????????????????????? | | ?????????????????????????????????????????????????? | | ?????????????????????????????????????????????????? | | ????????????????????????????????????###??????????? | | ??????????????????????????????????## #? ????????? | | ?????????????????????????????????? ?????????? | | ?????????????????????????????????# ? ??????? | | ????????????????????#????????????# ? ## ?????? | | ????????????????### # ??????###??# ## # ??????? | | ????????????????# < < ???### #### ?????? | | ????????????????# ###"# ## ?????? | | ????????????????# @ "" #???##??? | | ???????????????# """"" #???#?? ???? | | ???????????????# # # "# """ ##??# ???? | | ???????????????##???### ### "## """ #### ???? | | ?????????????????????# ?# ### """ ## #???? | | ????????????????????# ?## ##" ""## ##??? | | ????????????????????# ?# " " "##? ###? | | ???????????????????? #?#" """"" ##?? ## | | ???????????????????# #??#"" """"" ###?# # | | ??????????????????? Y???#"""""""" "### # # | | ??????????????????#### ???#"""""""" "" """ # | | ?????????????????????# ??#"" """ " "#""#### | | ????????????????????? ??# ## # ##""#???? | | ????????????????????? ??# ##### ####### ###?? | | ????????????????????? ??## ????# #?#####"#"#?? | | ????????????????????????? ????## #?#""#" ""#?? | | ????????????????????????? ?????## ##?#"#"#""#"#? | | ????????????????????????? ???????##???##"#""##?#? | | ?????????????????????????? ?????????????##"" #???? | | ?????????????????????????????????????????### ##??? | | ?????????????????????????????????????????#""#"#??? | | ????????????????????????????????????????##""""##?? | | ????????????????????????????????????????##### ###? | | ????????????????????????????????????????? #!" # ## | | ????????????????????????????????????????? #%&"# "# | +----------------------------------------------------+ Best States ------------- Heat Dissipation 25 Energy Generation 14 Energy Capacity 250 Matter Stores 300 Matter Capacity 300 Sight Range 16 Terrain Scan Density 10 Armor Coverage 225 Evasion (%) 40 Recoil Reduction 2 Item Schematics ----------------- None Robot Schematics ------------------ None Fabricated ------------ Nothing Repaired ---------- Nothing Studied --------- None Alien Tech Used ----------------- None Achievements -------------- None Challenges ------------ None Game ------ Seed SpliceEfficiencyMultitool Manual? 0 Play Time 00:13:36 Cumulative 32.9 hours Start 2026.08.23 @ 11:23:01 End 2026.08.23 @ 11:35:49 Sessions 1 Manual Loads 0 Difficulty Rogue Special Mode None Game No. 36 Rogue 33 Adventurer 3 Explorer 0 Win Type - Total 1 Types 1/0/0/0/0/0/0/0/0/0 Lore% 29 Gallery% 28 Achievement% 30 Wizard Run 0 Options --------- Layout 1 ASCII 0 Keyboard 0 Movement Mouse Keybinds 0 Fullscreen 1 Font 32/SmallcapsGlow Map View 50x35 Zoom Use 0% Tactical HUD 1 Map Filters NONE Filters NONE Steam 1 RUN: 30ce78bf-d950-4882-94ab-383131af93a6